 Dungeon Crawl Stone Soup version 0.25.0-37-gb73750e0fb (webtiles) character file.

Game seed: 10064543528236826351

2244 xccam the Slicer (level 9, -3/58 HPs)
             Began as an Octopode Assassin on July 9, 2020.
             Slain by an ice beast (11 damage)
             ... on level 7 of the Dungeon.
             The game lasted 00:07:26 (8453 turns).

xccam the Slicer (Octopode Assassin)                Turns: 8453, Time: 00:07:27

Health: -3/58      AC:  2    Str: 10    XL:     9   Next: 37%
Magic:  9/9        EV: 16    Int: 14    God:
Gold:   237        SH:  0    Dex: 16    Spells: 8/8 levels left

rFire    . . .     SeeInvis +   a - +2 dagger
rCold    . . .     Gourm    .   (no shield)
rNeg     . . .     Faith    .   p - +1 hat
rPois    +         Spirit   .   (no amulet)
rElec    .         Reflect  .   i - ring of protection from magic
rCorr    .         Harm     .   j - ring of see invisible
MR       +....                  f - ring of poison resistance
Stlth    ++++......             (no ring)
HPRegen  0.19/turn              (no ring)
MPRegen  0.11/turn              (no ring)
                                (no ring)
                                (no ring)

@: mighty, lightly drained
A: almost no armour, stealthy swim, amphibious, 8 rings, constrict 8, camouflage
1, gelatinous body 1
a: no special abilities


You were on level 7 of the Dungeon.
You were not hungry.

You visited 1 branch of the dungeon, and saw 7 of its levels.

You collected 237 gold pieces.

Inventory:

Hand Weapons
 a - a +2 dagger (weapon)
 w - a +2 short sword of holy wrath
Missiles
 b - 5 poisoned darts (quivered)
Armour
 p - a +1 hat (worn)
 y - a +0 kite shield
Jewellery
 f - a ring of poison resistance (on tentacle)
 i - a ring of protection from magic (left tentacle)
 j - a ring of see invisible (right tentacle)
Wands
 z - a wand of clouds (5)
Scrolls
 c - a scroll of immolation {unknown}
 g - a scroll of random uselessness {unknown}
 k - a scroll of enchant weapon {unknown}
 m - 2 scrolls of teleportation
 n - a scroll of enchant armour {unknown}
 o - 3 scrolls of remove curse
 q - a scroll of amnesia {unknown}
 r - a scroll of blinking {unknown}
 s - 2 scrolls of fear {unknown}
 t - a scroll of magic mapping {unknown}
Potions
 e - a potion of berserk rage {unknown}
 h - a potion of cancellation
 l - a potion of magic
 u - a potion of resistance
 v - a potion of haste {unknown}
 x - a potion of curing
 A - a potion of might
Comestibles
 d - 10 rations
 B - 7 chunks of flesh


   Skills:
 + Level 4.3(3.8) Fighting
 - Level 10.0(9.4) Short Blades
 - Level 2.0(1.5) Throwing
 + Level 5.2(4.7) Dodging
 - Level 7.0(6.4) Stealth


You had 8 spell levels left.
You didn't know any spells.
Your spell library was empty.

Dungeon Overview and Level Annotations

Branches:
Dungeon (7/15)
 Temple: D:4-7

Altars:


Innate Abilities, Weirdness & Mutations

You cannot wear most types of armour.
You are very stealthy in the water. (Stealth+)
You are amphibious.
You can wear up to eight rings at the same time.
You can use your tentacles to constrict eight enemies at once.
Your skin changes colour to match your surroundings (Stealth+).
Your rubbery body absorbs attacks. (AC +1, EV +1)


Message History

You throw a poisoned dart. The poisoned dart hits the ice beast.
The ice beast is moderately wounded.
Throwing (i - inventory)
b - 7 poisoned darts (quivered)
Press: ? - help, Shift-Dir - straight line, f/p - ice beast
Aim: an ice beast (freezing vapour, moderately wounded)
You throw a poisoned dart.
The poisoned dart barely misses the ice beast.
The ice beast hits you. The ice beast freezes you.
Throwing (i - inventory)
b - 6 poisoned darts (quivered)
Press: ? - help, Shift-Dir - straight line, f/p - ice beast
Aim: an ice beast (freezing vapour, moderately wounded)
You throw a poisoned dart.
The poisoned dart barely misses the ice beast.
The ice beast hits you. The ice beast freezes you!
* * * LOW HITPOINT WARNING * * *
You feel very mighty all of a sudden. The ice beast hits you.
* * * LOW HITPOINT WARNING * * *
The ice beast freezes you!
You die...

...#.# #.#
#.#.# #.#
#...# #.#
#.##...#
#.#
#......#
#.#
#.#####..#
#.#
#.......>#
#.#
########.##
#.#
#....###@#
#.#
+(.§§§§Y.#
#.#
#..§§#####
#.# #....#
#.# #....#
#.# #....#
#.# ######
#.# #.# #.#


You could see an ice beast.

Vanquished Creatures
  Sigmund (D:4)
  Menkaure (D:4)
  Edmund (D:4)
  A water moccasin (D:7)
  An ice beast (D:6)
  A black bear (D:7)
  A sky beast (D:6)
  A phantom (D:6)
  2 ogres
  2 bullfrogs
  A scorpion (D:5)
  3 wights (D:7)
  A howler monkey (D:6)
  3 crimson imps
  A centaur zombie (D:6)
  A gnoll shaman (D:5)
  A hound (D:6)
  3 orc priests
  2 bullfrog skeletons
  A jelly (D:6)
  6 orc wizards
  3 worker ants (D:4)
  7 gnolls
  11 adders
  6 worms
  4 dart slugs
  A leopard gecko (D:2)
  21 orcs
  2 ball pythons
  2 giant cockroaches
  9 goblins
  4 hobgoblins
  9 jackals
  A quokka (D:2)
  9 bats
  3 frilled lizards
  A jackal skeleton (D:4)
  6 kobolds
  2 quokka skeletons
  7 rats
143 creatures vanquished.

Vanquished Creatures (others)
  A fungus (D:5)
1 creature vanquished.

Grand Total: 144 creatures vanquished

Notes
Turn   | Place    | Note
-------+----------+-------------------------------------------
     0 | D:1      | xccam the Octopode Assassin began the quest for the Orb.
     0 | D:1      | Reached XP level 1. HP: 14/14 MP: 1/1
   554 | D:1      | Reached XP level 2. HP: 19/19 MP: 2/2
   604 | D:1      | Reached skill level 3 in Short Blades
   759 | D:1      | Reached XP level 3. HP: 24/24 MP: 3/3
  1000 | D:2      | Reached skill level 4 in Short Blades
  1192 | D:2      | Reached XP level 4. HP: 18/29 MP: 4/4
  2140 | D:2      | Reached skill level 5 in Short Blades
  2200 | D:2      | Reached XP level 5. HP: 34/34 MP: 5/5
  3671 | D:4      | Noticed Sigmund
  3684 | D:4      | Killed Sigmund
  3684 | D:4      | Reached skill level 6 in Short Blades
  3684 | D:4      | Reached XP level 6. HP: 41/41 MP: 6/6
  4130 | D:4      | Reached XP level 7. HP: 31/45 MP: 7/7
  4407 | D:4      | Noticed Menkaure
  4413 | D:4      | Killed Menkaure
  4451 | D:4      | Noticed Edmund
  4458 | D:4      | Killed Edmund
  4458 | D:4      | Reached XP level 8. HP: 54/54 MP: 8/8
  4500 | D:4      | You fall into a shaft and drop 1 floor!
  4500 | D:5      | Entered Level 5 of the Dungeon
  4541 | D:5      | Reached skill level 7 in Short Blades
  4551 | D:5      | HP: 4/81 [poisoned by a scorpion]
  6527 | D:6      | Reached skill level 5 in Dodging
  6662 | D:6      | Reached skill level 8 in Short Blades
  7463 | D:6      | Reached skill level 9 in Short Blades
  7463 | D:6      | Reached XP level 9. HP: 49/58 MP: 9/9
  8424 | D:7      | Reached skill level 10 in Short Blades
  8453 | D:7      | Slain by an ice beast

Illustrated notes

Levels and vault maps discovered:
D:1:      dpeg_arrival_ternary, layout_basic
D:2:      layout_basic
D:3:      layout_basic, minmay_fractal_squares_gapless_5
D:4:      layout_cave_pods, serial_column_ruins, column_ruins_grid_1,
          column_ruins_open_tiny, column_ruins_grid_4, column_ruins_columns_T,
          column_ruins_grid_1, first_ration, uniq_menkaure, uniq_edmund,
          uniq_sigmund
D:5:      old_forge, layout_basic
D:6:      layout_basic, serial_bayou_pond_a, grunt_ministairs_13
D:7:      layout_basic, temple_green

Skill      XL: |  1  2  3  4  5  6  7  8  9 |
---------------+----------------------------+-----
Short Blades   | 3 4 5 6 9 10 | 10.0
Dodging        | 2 3 5 |  5.2
Stealth        | 6 7 |  7.0
Fighting       | 3 4 |  4.3
Throwing       | |  2.0

Action                   |  1- 3 |  4- 6 |  7- 9 || total
-------------------------+-------+-------+-------++-------
Melee: Dagger            |    63 |   110 |   269 ||   442
       Constrict         |    13 |    23 |    41 ||    77
       Tentacles         |     7 |    19 |    50 ||    76
Throw: Dart              |       |     4 |     9 ||    13
Evoke: Wand              |       |       |     2 ||     2
  Use: Scroll            |     1 |     1 |     3 ||     5
       Potion            |       |       |     4 ||     4
 Stab: Sleeping          |    15 |    15 |    16 ||    46
       Distracted        |     1 |     1 |       ||     2
  Eat: Chunk             |     1 |     9 |    13 ||    23
Armor: Skin              |     5 |     2 |    31 ||    38
Dodge: Dodged            |    28 |    42 |   115 ||   185
